 Dungeon Crawl Stone Soup version 0.31.0-12-g77e489cdc1 (webtiles) character file.

Game seed: 6862590116061247486

121 NateTC the Trooper (level 5, 0/34 HPs)
             Began as a Gargoyle Fighter on Feb 6, 2024.
             Incinerated by a bombardier beetle (5 damage)
             ... with a burning spray
             ... on level 3 of the Dungeon on Mar 3, 2024.
             The game lasted 00:09:13 (1527 turns).

NateTC the Trooper (Gargoyle Fighter)               Turns: 1527, Time: 00:09:13

Health: 0/34       AC: 12    Str: 22    XL:     5   Next: 5%
Magic:  5/5        EV:  7    Int:  8    God:
Gold:   161        SH: 11    Dex:  9    Spells: 4/4 levels left

rFire   . . .        o - +0 morningstar
rCold   . . .        e - +0 tower shield
rNeg    + . .        b - +0 scale mail
rPois   ∞            (no helmet)
rElec   +            (no cloak)
rCorr   .            (no gloves)
SInv    .            m - +0 pair of boots
Will    .....        k - amulet of regeneration Stlth
                     (no ring)
HPRegen 1.05/turn    (no ring)
MPRegen 0.09/turn

%: no passive effects
@: on fire, glowing
A: sickness immunity, AC +4, negative energy resistance 1, electricity
resistance, torment resistance 1, petrification resistance
a: no special abilities


You were on level 3 of the Dungeon.
You visited 1 branch of the dungeon, and saw 3 of its levels.

You collected 161 gold pieces.

Inventory:

Hand Weapons
 o - a +0 morningstar (weapon)
Armour
 b - a +0 scale mail (worn)
 c - a +0 buckler
 e - a +0 tower shield (worn)
 m - a +0 pair of boots (worn)
Jewellery
 k - an amulet of regeneration (around neck)
Scrolls
 a - a scroll of blinking {unknown}
 f - a scroll of noise {unknown}
 j - 2 scrolls of vulnerability
 l - a scroll of amnesia {unknown}
Potions
 d - a potion of might
 g - a potion of cancellation
 h - a potion of resistance {unknown}
 i - a potion of haste
 n - 2 potions of mutation


   Skills:
 * Level 4.6 Fighting
 * Level 3.4 Maces & Flails
 - Level 3.2 Armour
 - Level 4.0 Shields


You had 4 spell levels left.
You didn't know any spells.
Your spell library contained the following spells:

 Spells                   Type           Power      Damage    Failure   Level
 Hailstorm                Conj/Ice       0%         3d5       100%        3
 Summon Ice Beast         Ice/Summ       0%         N/A       100%        3
 Volatile Blastmotes      Fire/Tloc      0%         2d10      100%        3
 Fulminant Prism          Conj/Alch      0%         3d5       100%        4
 Iskenderun's Mystic Bla  Conj/Tloc      0%         2d3       100%        4
 Sculpt Simulacrum        Ice/Alch       0%         N/A       100%        6


Dungeon Overview and Level Annotations

Branches:
Dungeon (3/15)

Altars:


Innate Abilities, Weirdness & Mutations

You are immune to sickness and miasma.
Your stone body is resilient. (AC +4)
You are immune to poison.
You resist negative energy. (rN+)
You are resistant to electric shocks. (rElec)
You are resistant to unholy torment.
You are immune to petrification.


Message History

a +0 short sword; a +0 chain mail; an orc corpse You see here a +0 club.
An adder and a bombardier beetle come into view.
The adder hisses angrily.
The bombardier beetle sprays incendiary fluid at you.
The burning spray hits you.
You are covered in liquid fire!
You are on fire!
You completely miss the adder. The liquid fire burns you!
You block the adder's attack.
The bombardier beetle sprays incendiary fluid at you.
The burning spray hits you.
You are even more covered in liquid fire!
You block the adder's attack.
You shake off some of the fire as you move.
The liquid fire burns you! You block the adder's attack.
You shake off some of the fire as you move.
The liquid fire burns you! You block the adder's attack.
The bombardier beetle bites you but does no damage.
You puncture the bombardier beetle!
The bombardier beetle is severely wounded.
The liquid fire burns you!
The adder bites you but does no damage. x2
You block the bombardier beetle's attack.
You puncture the bombardier beetle!
You kill the bombardier beetle!
The liquid fire burns you!
The adder bites you but does no damage. x2; The adder closely misses you.
You have reached level 5!
You miss the adder. The liquid fire burns you!
* * * LOW HITPOINT WARNING * * *
You block the adder's attack. The adder bites you.
* * * LOW HITPOINT WARNING * * *
You completely miss the adder. The liquid fire burns you!
You die...

♣.♣ ♣..♣♣
♣♣♣#..# ##
♣.♣ ♣♣..♣
##.# ♣.♣
♣..♣♣ ##.#
♣.♣ ♣♣..♣
#..# ..
♣..♣ ♣♣♣
##.#######
♣♣.♣♣ ♣.♣
#........
♣..♣ ♣.♣♣♣
##.#######
♣..♣♣♣S..♣♣
#..#
♣♣..♣..@..♣
#..#
♣....♣†..♣
#..#
♣♣♣.♣♣♣♣.♣
#>.# ♣♣♣ .♣
##.# ♣
#..########
#..........
##.########
##.######..
#......<...


You could see an adder.

Vanquished Creatures
  A bombardier beetle (D:3)
  3 adders (D:2)
  A dart slug (D:3)
  2 ribbon worms
  2 orcs (D:3)
  5 ball pythons
  5 endoplasms
  2 giant cockroaches
  3 goblins
  5 hobgoblins
  4 jackals
  5 kobolds
  2 quokkas
  4 bats (D:2)
  A frilled lizard (D:2)
  8 rats
53 creatures vanquished.

Notes
Turn   | Place    | Note
-------+----------+-------------------------------------------
     0 | D:1      | NateTC the Gargoyle Fighter began the quest for the Orb.
     0 | D:1      | Reached XP level 1. HP: 14/14 MP: 1/1
    54 | D:1      | Reached XP level 2. HP: 20/20 MP: 2/2
    74 | D:1      | Found a faded altar of an unknown god.
   553 | D:2      | Reached XP level 3. HP: 24/24 MP: 3/3
   783 | D:2      | Reached XP level 4. HP: 29/29 MP: 4/4
  1406 | D:3      | Upgraded the game from 0.31.0-11-ge490571c62 to
                  | 0.31.0-12-g77e489cdc1
  1481 | D:3      | Identified the +9 dagger "Qeraocoz" {elec, rElec Will-
                  | Int+2}
  1526 | D:3      | Reached XP level 5. HP: 14/34 MP: 5/5
  1527 | D:3      | Incinerated by a bombardier beetle

Illustrated notes

Levels and vault maps discovered:
D:1:      psy_arrival_basics, layout_rooms, chequers_ecumenical_altar_island,
          serial_glass, glass_columns_a, glass_columns_a
D:2:      layout_rooms, minmay_quantized
D:3:      kb_forest_paths, layout_rooms, nzn_hepliaklqana_mist_gate,
          chequers_serial_rivers_marsh, minmay_misc_feat_five

Skill      XL: |  1  2  3  4 |
---------------+-------------+-----
Fighting       | 4 |  4.6
Maces & Flails | 3 |  3.4
Shields        | 4 |  4.0
Armour         | |  3.2

Action                     |  1- 3 |  4- 6 || total
---------------------------+-------+-------++-------
  Melee: Flail             |    99 |    63 ||   162
         Morningstar       |       |    14 ||    14
    Use: Scroll            |     2 |     6 ||     8
 Armour: Scale mail        |    79 |    51 ||   130
  Dodge: Dodged            |    44 |    15 ||    59
  Block: Buckler           |     9 |       ||     9
         Tower shield      |    79 |    55 ||   134
